 Dungeon Crawl Stone Soup version 0.25-a0-356-g7c9d860b3b (webtiles) character file.

Game seed: 3846464458891063223, levelgen mode: deterministic

431284 Borgoz the Shatterer (level 23, -2/237 HPs)
             Began as a Gargoyle Gladiator on Jan 3, 2020.
             Was the Champion of Ashenzari.
             Killed by divine providence
             ... invoked by a deep elf high priest
              (13 damage)
             ... on level 5 of the Vaults on Jan 4, 2020.
             The game lasted 02:02:53 (46199 turns).

Borgoz the Shatterer (Gargoyle Gladiator)          Turns: 46199, Time: 02:02:53

Health: -2/237     AC: 64    Str: 38    XL:     23   Next: 92%
Magic:  26/26      EV: 20    Int: 12    God:    Ashenzari [******]
Gold:   859        SH: 19    Dex: 18    Spells: 21/22 levels left

rFire    + + .     SeeInvis +   W - +7 morningstar of the Spectre {elec, rF- Str+7 SInv}
rCold    + . .     Gourm    .   j - +3 shield {reflect} (curse)
rNeg     + + .     Faith    .   e - +10 plate armour of Objectivity {rN+ Slay+3} (curse)
rPois    ∞         Spirit   .   k - +2 helmet
rElec    +         Reflect  +   z - +2 cloak {MR+} (curse)
rCorr    .         Harm     .   p - +3 pair of gloves "Ninuunue" {rElec Int-2 Slay+5 Stlth+} (curse)
MR       ++...     Clarity  +   K - +1 pair of boots of Atunyata {Regen+} (curse)
Stlth    ..........             s - amulet of rage
HPRegen  0.89/turn              A - ring of Satisfaction {rF+ Int+3 Dex+4}
MPRegen  0.20/turn              J - ring "Sypsaxt" {rElec rF+ rC+ Str+3}

@: berserking, marked, flying, very slightly contaminated, very quick
A: big wings, fire resistance 1, negative energy resistance 1, electricity
resistance, wild magic 1, unbreathing, petrification resistance, rot immunity,
MP-powered wands, AC +17
}: 2/15 runes: barnacled, gossamer
a: Stop Flying, Curse Item, Scrying, Transfer Knowledge, Renounce Religion,
Evoke Berserk Rage


You were on level 5 of the Vaults.
You worshipped Ashenzari.
Ashenzari was exalted by your worship.
You were near starving.

You visited 8 branches of the dungeon, and saw 40 of its levels.
You visited the Abyss 2 times.
You also visited: Trove and Ice Cave.

You collected 5317 gold pieces.
You spent 4458 gold pieces at shops.

Inventory:

Hand Weapons
 b - a cursed +4 eveningstar of holy wrath
 W - the +7 morningstar of the Spectre (weapon) {elec, rF- Str+7 SInv}
   (You took it off a deep elf death mage on level 3 of the Elven Halls)

   Occasionally, upon striking a foe, it will discharge some electrical energy
   and cause terrible harm.
   It affects your strength (+7).
   It makes you vulnerable to fire.
   It lets you see invisible.
Missiles
 M - 6 throwing nets (quivered)
Armour
 e - the cursed +10 plate armour of Objectivity (worn) {rN+ Slay+3}
   (You bought it in a shop on level 9 of the Dungeon)

   It affects your accuracy and damage with ranged weapons and melee attacks
   (+3).
   It protects you from negative energy.
   It has a curse placed upon it.
 j - a cursed +3 shield of reflection (worn)
 k - a +2 helmet (worn)
 p - the cursed +3 pair of gloves "Ninuunue" (worn) {rElec Int-2 Slay+5 Stlth+}
   (You acquired it on level 12 of the Dungeon)

   It affects your intelligence (-2).
   It affects your accuracy and damage with ranged weapons and melee attacks
   (+5).
   It insulates you from electricity.
   It makes you more stealthy.
   It has a curse placed upon it.
 z - a cursed +2 cloak of magic resistance (worn)
 K - the cursed +1 pair of boots of Atunyata (worn) {Regen+}
   (You bought it in a shop on level 1 of the Orcish Mines)

   It increases your rate of regeneration.
   It has a curse placed upon it.
Jewellery
 q - the ring "Biyla" {rPois rC+ Int+2 Slay+3}
   (You bought it in a shop on level 9 of the Dungeon)

   [ring of protection from cold]

   It affects your intelligence (+2).
   It affects your accuracy and damage with ranged weapons and melee attacks
   (+3).
   It protects you from cold.
   It protects you from poison.
 s - an amulet of rage (around neck)
 A - the ring of Satisfaction (left hand) {rF+ Int+3 Dex+4}
   (You bought it in a shop on level 2 of the Orcish Mines)

   [ring of protection from fire]

   It affects your intelligence (+3).
   It affects your dexterity (+4).
   It protects you from fire.
 J - the ring "Sypsaxt" (right hand) {rElec rF+ rC+ Str+3}
   (You took it off an orc knight on level 4 of the Vaults)

   [ring of protection from cold]

   It affects your strength (+3).
   It protects you from fire.
   It protects you from cold.
   It insulates you from electricity.
 S - the ring "Udoqucs" {+Blink rPois MR+++ EV+3 Str-2}
   (You found it in a treasure trove)

   [ring of evasion]

   It affects your evasion (+3).
   It affects your strength (-2).
   It protects you from poison.
   It affects your resistance to hostile enchantments.
   It lets you blink.
Wands
 c - a wand of iceblast (20)
 t - a wand of acid (22)
 x - a wand of clouds (5)
 H - a wand of digging (16)
 O - a wand of paralysis (2)
 Q - a wand of disintegration (8)
Scrolls
 a - 8 scrolls of identify
 h - 2 scrolls of fog
 m - 11 scrolls of teleportation
 n - 2 scrolls of fear
 v - 3 scrolls of remove curse
 y - 3 scrolls of blinking
 F - 6 scrolls of magic mapping
 L - 2 scrolls of summoning
 R - 2 scrolls of silence
 U - a scroll of holy word
Potions
 d - 3 potions of berserk rage
 l - 6 potions of haste
 o - 23 potions of curing
 w - 3 potions of might
 B - 2 potions of ambrosia
 C - 2 potions of cancellation
 G - 2 potions of resistance
 I - 3 potions of agility
Comestibles
 f - 75 rations


   Skills:
 + Level 20.4 Fighting
 + Level 21.6 Maces & Flails
 - Level 1.7 Throwing
 + Level 20.3(23.8) Armour
 + Level 15.5 Dodging
 - Level 12.3(15.0) Shields
 - Level 5.0 Evocations


You had 21 spell levels left.
You knew the following spells:

 Your Spells              Type           Power        Failure   Level  Hunger
a - Confusing Touch       Hex            #.....       73%         1    ##.....

Your spell library contained the following spells:

 Spells                   Type           Power        Failure   Level  Hunger
 Animate Skeleton         Necr           N/A          73%         1    ##.....
 Apportation              Tloc           #.....       73%         1    ##.....
 Beastly Appendage        Tmut           #.....       73%         1    ##.....
 Freeze                   Ice            #...         73%         1    ##.....
 Infusion                 Chrm           #...         73%         1    ##.....
 Magic Dart               Conj           #...         73%         1    ##.....
 Sandblast                Erth           #.....       73%         1    ##.....
 Summon Small Mammal      Summ           #...         73%         1    ##.....
 Call Imp                 Summ           #.......     85%         2    ###....
 Corpse Rot               Necr/Air       N/A          85%         2    ###....
 Ensorcelled Hibernation  Hex/Ice        #.....       85%         2    ###....
 Poisonous Vapours        Pois/Air       #.....       85%         2    ###....
 Shroud of Golubria       Chrm/Tloc      #.....       85%         2    ###....
 Song of Slaying          Chrm           #.......     85%         2    ###....
 Sticks to Snakes         Tmut           #.......     85%         2    ###....
 Call Canine Familiar     Summ           #.......     97%         3    ####...
 Conjure Flame            Conj/Fire      #.......     97%         3    ####...
 Mephitic Cloud           Conj/Pois/Air  #.......     97%         3    ####...
 Ozocubu's Armour         Chrm/Ice       #.......     97%         3    ####...
 Regeneration             Chrm/Necr      #.........   97%         3    ####...
 Spectral Weapon          Hex/Chrm       #.......     97%         3    ####...
 Spider Form              Tmut/Pois      #.........   97%         3    ####...
 Summon Guardian Golem    Hex/Summ       #.......     97%         3    ####...
 Ice Form                 Ice/Tmut       #.......     100%        4    #####..
 Iskenderun's Mystic Bla  Conj/Tloc      #.......     100%        4    #####..
 Leda's Liquefaction      Hex/Erth       #.........   100%        4    #####..
 Summon Ice Beast         Ice/Summ       #.......     100%        4    #####..
 Summon Lightning Spire   Summ/Air       #.......     100%        4    #####..
 Blade Hands              Tmut           #.........   100%        5    ######.
 Bolt of Magma            Conj/Fire/Erth #.........   100%        5    ######.
 Borgnjor's Vile Clutch   Necr/Erth      #.........   100%        5    ######.
 Dispel Undead            Necr           #.......     100%        5    ######.
 Irradiate                Conj/Tmut      #.........   100%        5    ######.
 Iskenderun's Battlesphe  Conj/Chrm      #.......     100%        5    ######.
 Freezing Cloud           Conj/Ice/Air   #.........   100%        6    #######
 Hydra Form               Tmut           #.........   100%        6    #######
 Iron Shot                Conj/Erth      #.........   100%        6    #######
 Dragon Form              Tmut           #.........   100%        7    #######
 Orb of Destruction       Conj           #.........   100%        7    #######
 Ring of Flames           Chrm/Fire      #.........   100%        7    #######
 Spellforged Servitor     Conj/Summ      #.........   100%        7    #######
 Shatter                  Erth           #.........   100%        9    #######
 Statue Form              Tmut/Erth      Unusable     N/A         6    N/A

Dungeon Overview and Level Annotations

Branches:
Dungeon (15/15)            Temple (1/1) D:5            Lair (6/6) D:10
 Shoals (4/4) Lair:2       Spider (4/4) Lair:3        Slime (0/5) Lair:6
    Orc (2/2) D:9             Elf (3/3) Orc:2        Vaults (5/5) D:14
  Crypt (0/3) Vaults:2     Depths (0/5) D:15          IceCv (visited)

Altars:
Ashenzari
Cheibriados
Dithmenos
Elyvilon
Fedhas
Gozag
Hepliaklqana
Kikubaaqudgha
Makhleb
Nemelex Xobeh
Okawaru
Qazlal
Ru
Sif Muna
Trog
Uskayaw
Vehumet
Wu Jian
Xom
Yredelemnul
Zin
The Shining One
Beogh
Jiyva

Shops:
D:9 [*:=   D:12 !**   D:15 !   Orc:1 **   Orc:2 =[*(   Elf:1 }   Elf:2 [
Elf:3 *}}=   Vaults:1 !   Vaults:4 !

Annotations:
Elf:2 Saint Roka


Innate Abilities, Weirdness & Mutations

You are resistant to torment.
Your stone body is resilient. (AC +17)
You are immune to poison.
Your large and strong wings let you fly indefinitely.
You resist negative energy. (rN+)
You are resistant to electric shocks. (rElec)
You can survive without breathing.
You are immune to petrification.
You are immune to rotting.
Your flesh is heat resistant. (rF+)
Your spells are a little harder to cast, but a little more powerful.
You expend magic power (3 MP) to strengthen your wands.


Message History

Lightning courses through the ghostly vault warden!
The ghostly vault warden is heavily damaged.
The deep elf demonologist casts a spell.
The ironheart preserver casts a spell.
The ironheart preserver begins to accept its allies' injuries.
You block the ogre's attack. You block the deep troll's attack.
The deep troll closely misses you.
The deep troll claws you but does no damage.
You sock the ghostly vault warden!
The ghostly vault warden is heavily damaged.
The runic seals fade away.
The titan barely misses you. The ghostly vault warden misses you.
The white very ugly thing trunk-slaps you!
* * * LOW HITPOINT WARNING * * *
The white very ugly thing freezes you! You resist.
* * * LOW HITPOINT WARNING * * *
The deep elf mage is empowered by the deep elf high priest's aura!
The deep elf high priest mumbles some strange prayers to its god against you.
Something smites you!
You die...

,*** *##.#,#....# ..,, ,
,,, *, * *.#.##....#....
, *,, ,*,* ,*
*.#^#....#....* , ,*,* *
* ........... , ,,, *
*#######........### ** *
,,, ,,.............e....
, , , , ,,,
,.........eW<......,,, ,
,, ,,,
∆........CWeu<.....,,,,
,,,,
,,,........HO@<......,,,,
,, ,
#############cCpCT...###*
* ***


CcHeDeCC.2.CDCDse..*.... , , cD1c2X§..e.CXe#....#.###,, , ,,,
#########..#Tp#....# #∆**** ** ,,,,,....#..#....#, ∆ ,,,,* ,, , ......#.e#....#
,*∆,,,,, ,, *** ##..#.{#..#....# * ,, , ,....#..#..#,,..#,,** , * , You could
see 2 shadow dragons, a tentacled monstrosity, an ironheart preserver, 2 titans,
a white very ugly thing, a fire giant, a sphinx, a stone giant, a ghostly vault
warden, a reaper, a deep elf death mage, 2 ettins, a deep elf elementalist, a
wolf spider, a deep troll, a deep troll shaped shifter, a deep elf demonologist,
a deep elf archer, a deep elf high priest, a phantasmal warrior, a yaktaur, a
freezing wraith, a deep elf mage, an ogre and a lost soul.

Vanquished Creatures
  The ghost of Isedumueph the Tortoise, a veteran HuFi of Hepliaklqana (Vaults:4)
  A golden dragon (Vaults:5)
  2 liches
  Rupert (D:14)
  Jorgrun (Shoals:3)
  2 tentacled monstrosities (Vaults:5)
  2 deep elf master archers (Elf:3)
  6 deep elf blademasters (Elf:3)
  2 titans (Vaults:5)
  A kraken (Shoals:4)
  Kirke (Lair:6)
  The ghost of Shadow153 the Hoplite, an adept MiFi of Okawaru (Elf:3)
  Gastronok (Orc:1)
  2 tengu reavers
  A shadow dragon (Vaults:5)
  A storm dragon (Vaults:2)
  The ghost of Teokik the Warrior, an adept GrFi of Ashenzari (Orc:1)
  3 fire giants (Vaults:5)
  5 frost giants
  10 deep elf sorcerers
  3 orc warlords
  12 vault wardens
  3 ghost moths (Spider:4)
  9 emperor scorpions
  3 deep elf elementalists (Elf:3)
  A curse skull (Vaults:2)
  16 ironheart preservers
  5 entropy weavers
  8 stone giants
  4 very ugly things (Vaults:3)
  A war gargoyle (Vaults:2)
  11 deep elf demonologists
  A deep elf annihilator (Elf:3)
  A minotaur (Shoals:3)
  4 merfolk javelineers
  Snorg (Lair:3)
  6 deep elf death magi
  3 fire dragons
  7 merfolk impalers
  3 ettins
  8 yaktaur captains
  2 deep elf high priests (Elf:3)
  The ghost of Shadow153 the Spear-Bearer, a journeyman MiFi of Okawaru (D:11)
  3 great orbs of eyes
  28 vault guards
  4 ice dragons
  Fannar (Orc:1)
  2 rakshasas (Vaults:3)
  5 hydras
  2 catoblepae
  Erica (Lair:1)
  An alligator snapping turtle (Shoals:4)
  Erolcha (D:9)
  9 merfolk aquamancers
  3 merfolk avatars
  12 ogre magi
  2 death knights
  7 centaur warriors
  34 two-headed ogres
  A death yak (IceCv)
  19 dancing weapons
  2 satyrs (Shoals:3)
  Urug (Orc:2)
  A deep troll shaman (Vaults:2)
  3 orc high priests
  19 deep elf knights
  A thrashing horror (Abyss:3)
  8 skeletal warriors
  A shadow wraith (Vaults:2)
  19 sea snakes
  2 unseen horrors
  A flayed ghost (Vaults:3)
  6 deep trolls
  A storm dragon skeleton (Vaults:2)
  A glowing orange brain (Vaults:3)
  4 large abominations (Abyss:3)
  2 phantasmal warriors
  A mana viper (shapeshifter) (Vaults:1)
  8 ironbrand convokers
  20 deep elf archers
  16 harpies
  3 necromancers
  A wolf spider zombie (D:15)
  15 wizards
  23 orc knights
  3 oklob plants (Lair:6)
  A wolf spider (shapeshifter) (Vaults:2)
  24 wolf spiders
  10 orb spiders
  73 deep elf magi
  A frost giant zombie (Vaults:4)
  11 orc sorcerers
  50 ugly things
  21 fauns
  10 manticores
  3 moths of wrath
  A moth of wrath (shapeshifter) (Vaults:3)
  10 cyclopes
  A cyclops (shapeshifter) (Vaults:3)
  9 elephants
  10 merfolk sirens
  2 naga magi (D:15)
  Joseph (Lair:1)
  16 vault sentinels
  3 water nymphs
  5 gargoyles
  A guardian serpent (shapeshifter) (Vaults:1)
  An ice statue (IceCv)
  2 torpor snails (Spider:2)
  2 black mambas
  A spiny frog (shapeshifter) (Vaults:1)
  28 spiny frogs
  3 rime drakes
  28 demonic crawlers
  3 freezing wraiths
  34 yaktaurs
  2 human zombies (Vaults:4)
  A human skeleton (Vaults:2)
  3 ancient zymes (Abyss:3)
  A queen bee (shapeshifter) (Vaults:5)
  8 komodo dragons
  5 trolls
  7 meliai
  A meliai (shapeshifter) (Vaults:3)
  20 polar bears
  4 tyrant leeches (Lair:6)
  29 merfolk
  33 jumping spiders
  5 hornets
  A raiju (shapeshifter) (Vaults:1)
  Prince Ribbit (D:9)
  2 wind drakes (Shoals:4)
  7 raiju (Abyss:3)
  28 blink frogs
  2 slime creatures
  14 dream sheep
  A dream sheep (shapeshifter) (Vaults:2)
  8 snapping turtles
  2 tengu simulacra
  12 hippogriffs
  2 shadows
  A spriggan (shapeshifter) (Vaults:4)
  2 ynoxinuls (Abyss:3)
  2 air elementals (Elf:2)
  22 tarantellas
  2 wraiths (D:12)
  2 wyverns
  68 yaks
  96 redbacks
  6 hogs (Lair:6)
  4 fire bats (Abyss:3)
  16 water elementals
  Grum (D:8)
  A yak (shapeshifter) (Vaults:1)
  3 neqoxecs (Abyss:3)
  6 vampire mosquitoes (Lair:6)
  2 hungry ghosts
  9 wargs
  2 insubstantial wisps (Abyss:3)
  4 acid dragons
  10 water moccasins
  10 porcupines
  5 sky beasts
  7 ice beasts
  61 orc warriors
  2 eyes of draining
  2 black bears
  23 ogres
  An elf zombie (Vaults:2)
  8 phantoms
  A boggart (shapeshifter) (Vaults:1)
  A hornet zombie (D:15)
  A necrophage (D:6)
  25 wolves
  19 centaurs
  6 boggarts (Vaults:3)
  8 crocodiles
  A big kobold (D:9)
  Blork the orc (Orc:2)
  27 bullfrogs
  A gnoll sergeant (D:9)
  3 earth elementals
  A wyvern skeleton (D:14)
  3 small abominations
  A scorpion (D:13)
  12 wights
  A killer bee (D:8)
  6 howler monkeys
  6 electric eels
  A crimson imp (D:7)
  A bullfrog zombie (D:12)
  31 orc priests
  4 centaur zombies
  8 hounds
  27 orc wizards
  Crazy Yiuf (D:6)
  4 centaur skeletons
  4 jellies (D:10)
  A bullfrog skeleton (D:8)
  An iron imp (Abyss:3)
  Jessica (D:3)
  Ijyb (D:3)
  An iguana (D:8)
  6 worker ants
  2 killer bee zombies
  A hound zombie (D:8)
  A howler monkey zombie (D:8)
  A worker ant zombie (D:8)
  15 adders
  8 gnolls
  A shadow imp (D:13)
  8 oozes
  An adder skeleton (D:8)
  A worm (D:2)
  A dart slug (D:1)
  A leopard gecko (D:8)
  125 orcs
  A bat zombie (D:8)
  6 giant cockroaches
  13 goblins
  16 hobgoblins
  13 jackals
  7 quokkas
  3 ball pythons (D:1)
  3 bats
  6 frilled lizards
  11 kobolds
  A leopard gecko skeleton (D:4)
  8 rats
  3 crawling corpses
  3 tentacles (Shoals:4)
1873 creatures vanquished.

Vanquished Creatures (others)
  A deep elf master archer (Elf:3)
  A deep elf elementalist (Elf:3)
  A vault warden (Vaults:1)
  A merfolk aquamancer (Shoals:1)
  A two-headed ogre (Vaults:2)
  2 deep elf archers
  3 cyclopes
  An orc sorcerer (Vaults:2)
  4 yaktaurs
  An orc warrior (Orc:1)
  A sky beast (D:11)
  An ogre (Vaults:2)
  An orc wizard (D:5)
  4 orcs
  3 fungi
  43 plants
  6 tentacles (Shoals:4)
75 creatures vanquished.

Grand Total: 1948 creatures vanquished

Notes
Turn   | Place    | Note
-------+----------+-------------------------------------------
     0 | D:1      | Borgoz the Gargoyle Gladiator began the quest for the Orb.
     0 | D:1      | Reached XP level 1. HP: 12/12 MP: 1/1
    59 | D:1      | Reached XP level 2. HP: 15/18 MP: 2/2
   132 | D:1      | Reached skill level 1 in Armour
   245 | D:1      | Reached XP level 3. HP: 14/22 MP: 3/3
  1148 | D:2      | Reached skill level 4 in Maces & Flails
  1189 | D:2      | Reached XP level 4. HP: 24/28 MP: 4/4
  1590 | D:3      | Reached skill level 1 in Shields
  1670 | D:3      | Noticed Jessica
  1679 | D:3      | Killed Jessica
  1679 | D:3      | Reached XP level 5. HP: 26/32 MP: 5/5
  1696 | D:3      | Found a sacrificial altar of Ru.
  1782 | D:3      | Noticed Ijyb
  1815 | D:3      | Killed Ijyb
  1825 | D:3      | Reached XP level 6. HP: 10/38 MP: 6/6
  1827 | D:3      | Reached skill level 5 in Maces & Flails
  2095 | D:3      | Found a glowing silver altar of Zin.
  2592 | D:4      | Reached XP level 7. HP: 41/43 MP: 7/7
  2738 | D:5      | Entered Level 5 of the Dungeon
  2917 | D:5      | Found a staircase to the Ecumenical Temple.
  2939 | Temple   | Entered the Ecumenical Temple
  3232 | D:5      | Reached skill level 6 in Maces & Flails
  3748 | D:5      | Found a stormy altar of Qazlal.
  3951 | D:6      | Reached XP level 8. HP: 31/48 MP: 8/8
  4031 | D:6      | Reached skill level 5 in Fighting
  4402 | D:6      | Reached skill level 7 in Maces & Flails
  4447 | D:6      | Found a runed translucent door.
  4448 | D:6      | Noticed Crazy Yiuf
  4703 | D:6      | Killed Crazy Yiuf
  4829 | D:7      | Noticed a yak
  4978 | D:7      | Found an opulent altar of Gozag.
  5202 | D:7      | Reached skill level 5 in Armour
  5589 | D:8      | Reached XP level 9. HP: 48/55 MP: 9/9
  5706 | D:8      | Reached skill level 8 in Maces & Flails
  5706 | D:8      | Reached skill level 5 in Shields
  5883 | D:8      | Found a bloodstained altar of Trog.
  5883 | D:8      | Found a white marble altar of Elyvilon.
  5884 | D:8      | Found a burning altar of Makhleb.
  5946 | D:8      | Noticed Grum
  5962 | D:8      | Killed Grum
  6269 | D:8      | Reached skill level 9 in Maces & Flails
  6676 | D:8      | Found an ancient bone altar of Kikubaaqudgha.
  6880 | D:9      | Found Koicick's Antique Armour Shop.
  6888 | D:9      | Bought a pitted plate armour for 728 gold pieces
  6898 | D:9      | Identified the +10 plate armour of Objectivity {rN+ Slay+3}
                  | (You bought it in a shop on level 9 of the Dungeon)
  6917 | D:9      | Reached XP level 10. HP: 62/63 MP: 10/10
  6991 | D:9      | Reached skill level 10 in Maces & Flails
  7026 | D:9      | Found Qewuxtet's Book Emporium.
  7129 | D:9      | Found a shattered altar of Ashenzari.
  7143 | D:9      | Noticed Prince Ribbit
  7152 | D:9      | Found a staircase to the Orcish Mines.
  7161 | D:9      | Noticed Erolcha
  7256 | D:9      | Killed Erolcha
  7513 | D:9      | Became a worshipper of Ashenzari the Shackled
  7531 | D:9      | Found Veweges's Jewellery Shoppe.
  7618 | D:9      | Killed Prince Ribbit
  7655 | D:9      | Found a snail-covered altar of Cheibriados.
  7687 | D:9      | Found Gapsum's Assorted Antiques.
  7733 | D:9      | Learned a level 1 spell: Confusing Touch
  8073 | D:10     | Entered Level 10 of the Dungeon
  8093 | D:9      | Reached skill level 11 in Maces & Flails
  8292 | D:10     | Found a staircase to the Lair.
  8369 | D:10     | Found a portal to a secret trove of treasure.
  8482 | D:10     | Reached XP level 11. HP: 66/69 MP: 11/11
  8488 | D:10     | Found a viscous altar of Jiyva.
  9244 | D:11     | Noticed an orc knight
  9267 | D:11     | Killed an orc knight
  9314 | D:11     | Found a runed translucent door.
  9315 | D:11     | Noticed Shadow153's ghost (journeyman MiFi)
  9410 | D:11     | Reached skill level 12 in Maces & Flails
  9502 | D:11     | Noticed a cyclops
  9516 | D:11     | Killed a cyclops
  9807 | D:11     | Reached * piety under Ashenzari
  9949 | D:12     | Found a blossoming altar of Fedhas.
  9989 | D:12     | Noticed a white ugly thing
 10010 | D:12     | Killed a white ugly thing
 10088 | D:12     | Found Jenezxu's Assorted Antiques.
 10092 | D:12     | Bought a scroll of identify for 68 gold pieces
 10092 | D:12     | Identified a scroll of acquirement
 10493 | D:12     | Found Zefazayk's Distillery.
 10496 | D:12     | Bought a potion of heal wounds for 60 gold pieces
 10496 | D:12     | Bought a potion of heal wounds for 60 gold pieces
 10496 | D:12     | Bought a potion of haste for 120 gold pieces
 10634 | D:12     | Reached skill level 10 in Fighting
 10634 | D:12     | Reached XP level 12. HP: 38/77 MP: 12/12
 10836 | D:12     | Cast into level 3 of the Abyss (a wizard)
 10892 | Abyss:3  | Found the cursed +8 whip "Snakebite" {curare, rPois}
 10935 | Abyss:3  | Gained mutation: Your spells are a little easier to cast,
                  | but a little less powerful. [a neqoxec]
 10937 | Abyss:3  | Gained mutation: Your flesh is heat resistant. (rF+) [a
                  | neqoxec]
 10943 | Abyss:3  | Gained mutation: Scrolls take you a little longer to read.
                  | [a neqoxec]
 10961 | Abyss:3  | Noticed a thrashing horror
 10982 | Abyss:3  | Killed a thrashing horror
 10982 | Abyss:3  | Reached skill level 5 in Dodging
 11013 | Abyss:3  | Reached skill level 10 in Armour
 11034 | Abyss:3  | Reached skill level 13 in Maces & Flails
 11047 | Abyss:3  | Gained mutation: Your magical capacity is low. (-10% MP) [a
                  | neqoxec]
 11239 | Abyss:3  | Noticed a lich
 11263 | Abyss:3  | Killed a lich
 11279 | D:12     | Escaped the Abyss
 11332 | D:12     | Reached XP level 13. HP: 63/84 MP: 11/11
 11352 | D:12     | Reached skill level 14 in Maces & Flails
 11547 | D:12     | Found Taokh's General Store.
 11938 | D:13     | Found a frozen archway.
 11948 | IceCv    | Entered an ice cave
 12575 | IceCv    | Noticed a frost giant
 12602 | IceCv    | Killed a frost giant
 12602 | IceCv    | Reached skill level 15 in Maces & Flails
 12625 | IceCv    | Gained mutation: Your large and strong wings let you fly
                  | indefinitely. [Gargoyle growth]
 12625 | IceCv    | Reached XP level 14. HP: 22/92 MP: 12/12
 12912 | IceCv    | Identified the ring "Ugengen" {rC+ Dex+6}
 13288 | D:13     | Reached ** piety under Ashenzari
 14052 | D:14     | Found a gate to the Vaults.
 14500 | D:14     | Noticed Rupert
 14524 | D:14     | Killed Rupert
 14974 | D:15     | Entered Level 15 of the Dungeon
 15079 | D:15     | Found Aprymeel's Distillery.
 15103 | D:15     | Reached skill level 16 in Maces & Flails
 15181 | D:15     | Reached *** piety under Ashenzari
 15532 | D:15     | Found a staircase to the Depths.
 15541 | D:15     | Reached XP level 15. HP: 98/98 MP: 13/13
 16921 | D:11     | Killed Shadow153's ghost
 16986 | Lair:1   | Entered Level 1 of the Lair of Beasts
 17221 | Lair:1   | Noticed Joseph
 17221 | Lair:1   | Noticed Erica
 17240 | Lair:1   | Killed Erica
 17258 | Lair:1   | Killed Joseph
 17784 | Lair:2   | Reached skill level 17 in Maces & Flails
 17826 | Lair:2   | Reached **** piety under Ashenzari
 17978 | Lair:2   | Found a staircase to the Shoals.
 18489 | Lair:3   | Found a hole to the Spider Nest.
 18782 | Lair:3   | Noticed Snorg
 18797 | Lair:3   | Killed Snorg
 19633 | Lair:4   | Reached XP level 16. HP: 106/106 MP: 14/14
 20322 | Lair:5   | Reached ***** piety under Ashenzari
 20534 | Lair:5   | Lost mutation: Scrolls take you a little longer to read.
                  | [potion of mutation]
 20534 | Lair:5   | Lost mutation: Your spells are a little easier to cast, but
                  | a little less powerful. [potion of mutation]
 20534 | Lair:5   | Lost mutation: Your flesh is heat resistant. (rF+) [potion
                  | of mutation]
 20534 | Lair:5   | Gained mutation: You have a pair of small horns on your
                  | head. [potion of mutation]
 20534 | Lair:5   | Gained mutation: You are somewhat resistant to further
                  | mutation. [potion of mutation]
 20917 | Lair:6   | Entered Level 6 of the Lair of Beasts
 20969 | Lair:6   | Found a staircase to the Slime Pits.
 21184 | Lair:6   | Reached skill level 10 in Dodging
 21333 | Lair:6   | Noticed Kirke
 21349 | Lair:6   | Noticed a sphinx
 21369 | Lair:6   | Killed Kirke
 21433 | Lair:6   | Identified Uduanle's Tome of Ashen Aid
 21460 | Lair:6   | Identified the +9 glaive of the Penguin {drain, Dex+6}
 21851 | Lair:6   | Lost mutation: Your magical capacity is low. (-10% MP)
                  | [potion of mutation]
 21851 | Lair:6   | Lost mutation: You have a pair of small horns on your head.
                  | [potion of mutation]
 21851 | Lair:6   | Gained mutation: Armour fits poorly on your strangely
                  | shaped body. [potion of mutation]
 21851 | Lair:6   | Gained mutation: You are agile. (Dex +2) [potion of
                  | mutation]
 22498 | D:9      | Bought the ring "Biyla" {rPois rC+ Int+2 Slay+3} for 689
                  | gold pieces
 22574 | D:12     | Bought a viscous red potion for 30 gold pieces
 22678 | Orc:1    | Entered Level 1 of the Orcish Mines
 22719 | Orc:1    | Noticed Gastronok
 22720 | Orc:1    | Noticed Fannar
 22735 | Orc:1    | Killed Gastronok
 22746 | Orc:1    | Killed Fannar
 22856 | Orc:1    | Found a roughly hewn altar of Beogh.
 23117 | Orc:1    | Found a runed translucent gate.
 23117 | Orc:1    | Found a runed translucent gate.
 23117 | Orc:1    | Found a runed translucent gate.
 23119 | Orc:1    | Found an opulent altar of Gozag.
 23120 | Orc:1    | Noticed Teokik's ghost (adept GrFi)
 23161 | Orc:1    | Found Binkify's Assorted Antiques.
 23432 | Orc:1    | Found Wudy's Assorted Antiques.
 23571 | Orc:1    | Killed Teokik's ghost
 23615 | Orc:1    | Bought a pair of crude boots for 275 gold pieces
 23615 | Orc:1    | Bought a scroll of identify for 58 gold pieces
 23626 | Orc:1    | Identified the +1 pair of boots of Atunyata {Regen+} (You
                  | bought it in a shop on level 1 of the Orcish Mines)
 23847 | Orc:2    | Entered Level 2 of the Orcish Mines
 23875 | Orc:2    | Noticed Urug
 23887 | Orc:2    | Killed Urug
 23887 | Orc:2    | Reached skill level 1 in Evocations
 23889 | Orc:2    | Found a staircase to the Elven Halls.
 24363 | Orc:2    | Noticed Blork the orc
 24372 | Orc:2    | Found a roughly hewn altar of Beogh.
 24376 | Orc:2    | Killed Blork the orc
 24390 | Orc:2    | Reached skill level 15 in Fighting
 24469 | Orc:2    | Found Ommusoss's General Store.
 24484 | Orc:2    | Found Reojit's Jewellery Shop.
 24517 | Orc:2    | Found Vimol's Antique Armour Shop.
 24571 | Orc:2    | Reached XP level 17. HP: 62/113 MP: 18/18
 24725 | Orc:2    | Found Qissumia's Antique Weapon Shop.
 24934 | Orc:2    | Bought the ring of Satisfaction {rF+ Int+3 Dex+4} for 513
                  | gold pieces
 25105 | Shoals:1 | Entered Level 1 of the Shoals
 25289 | Shoals:1 | Reached skill level 15 in Armour
 25401 | Shoals:1 | Reached skill level 18 in Maces & Flails
 25863 | Shoals:1 | Identified the +6 spear of Karma {protect, rF+ Str-2 Dex+9}
 26357 | Shoals:2 | Identified the +4 ring mail of Death's Door {rPois rC+}
 27333 | Shoals:3 | Found a hide-covered altar of Uskayaw.
 27350 | Shoals:3 | Identified the +5 fustibalus "Qiulleruk" {velocity,
                  | *Corrode rPois rF+++ Int-5}
 27566 | Shoals:3 | Reached skill level 5 in Evocations
 27608 | Shoals:3 | Reached XP level 18. HP: 104/120 MP: 21/21
 27790 | Shoals:3 | Noticed Jorgrun
 27816 | Shoals:3 | Killed Jorgrun
 28273 | Shoals:4 | Entered Level 4 of the Shoals
 28479 | Shoals:4 | Got a barnacled rune of Zot
 28551 | Shoals:4 | Reached ****** piety under Ashenzari
 28880 | Shoals:4 | Identified the ring "Raqe" {Wiz Str+8 Stlth-}
 29191 | Shoals:4 | Identified the Volume of Ice and Lightness
 30014 | Spider:1 | Entered Level 1 of the Spider Nest
 31355 | Spider:2 | Identified the cursed +0 ring mail of Juep Teliq {rElec
                  | rCorr Str-3}
 31452 | Spider:2 | Reached XP level 19. HP: 104/127 MP: 22/22
 31567 | Spider:2 | Identified the ring of Darkness {rPois Int+7}
 31822 | Spider:3 | Reached skill level 19 in Maces & Flails
 32356 | Spider:4 | Entered Level 4 of the Spider Nest
 32947 | Spider:4 | Got a gossamer rune of Zot
 33791 | Vaults:1 | Entered Level 1 of the Vaults
 34020 | Vaults:1 | Reached skill level 10 in Shields
 34585 | D:10     | You paid a toll of +5 fire dragon scales to enter a
                  | treasure trove
 34586 | Trove    | Entered a treasure trove
 34607 | Trove    | Identified the cursed +6 lajatang "Gikudinu" {freeze, rElec
                  | MP+9 Int-4 SInv}
 34616 | Trove    | Identified the ring "Epticon" {rElec AC+2 Int+3 Dex+4}
 34616 | Trove    | Identified the ring "Udoqucs" {+Blink rPois MR+++ EV+3
                  | Str-2}
 34910 | Vaults:1 | Cast into level 2 of the Abyss (a deep elf sorcerer)
 34946 | Vaults:1 | Escaped the Abyss
 34953 | Vaults:1 | Noticed an Ice Fiend
 35026 | Vaults:1 | Reached XP level 20. HP: 134/134 MP: 23/23
 35049 | Vaults:1 | Found Zucvomab's Distillery.
 35547 | Vaults:1 | Paralysed by a great orb of eyes for 6 turns
 37102 | Vaults:2 | Found a staircase to the Crypt.
 37121 | Vaults:2 | Reached XP level 21. HP: 141/141 MP: 24/24
 37332 | Vaults:2 | Reached skill level 20 in Maces & Flails
 38266 | Vaults:3 | Lost mutation: Armour fits poorly on your strangely shaped
                  | body. [potion of mutation]
 38266 | Vaults:3 | Lost mutation: You are somewhat resistant to further
                  | mutation. [potion of mutation]
 38266 | Vaults:3 | Gained mutation: You are resistant to hostile enchantments.
                  | (MR+) [potion of mutation]
 38266 | Vaults:3 | Gained mutation: You do not regenerate when monsters are
                  | visible. [potion of mutation]
 38266 | Vaults:3 | Gained mutation: Your mind is acute. (Int +2) [potion of
                  | mutation]
 38740 | Vaults:3 | Identified the +3 hunting sling "Woclyupt" {velocity, rN+
                  | Int-3 Dex+7}
 39738 | Vaults:4 | Reached XP level 22. HP: 137/148 MP: 25/25
 40230 | Vaults:4 | Found a runed translucent gate.
 40230 | Vaults:4 | Found a runed translucent gate.
 40230 | Vaults:4 | Found a runed translucent gate.
 40230 | Vaults:4 | Noticed Isedumueph's ghost (veteran HuFi)
 40231 | Vaults:4 | Identified the cursed +1 plate armour of Mysticism {rElec
                  | Int+2}
 40554 | Vaults:4 | Found Toeppouq's Distillery.
 40562 | Vaults:4 | Bought a potion of mutation for 176 gold pieces
 40562 | Vaults:4 | Lost mutation: You are agile. (Dex +2) [potion of mutation]
 40562 | Vaults:4 | Lost mutation: You do not regenerate when monsters are
                  | visible. [potion of mutation]
 40562 | Vaults:4 | Lost mutation: Your mind is acute. (Int +2) [potion of
                  | mutation]
 40562 | Vaults:4 | Gained mutation: Your spells are a little harder to cast,
                  | but a little more powerful. [potion of mutation]
 40562 | Vaults:4 | Gained mutation: Potions are less effective at restoring
                  | your health. [potion of mutation]
 40562 | Vaults:4 | Gained mutation: Your spells are harder to cast, but more
                  | powerful. [potion of mutation]
 40865 | Vaults:4 | Identified the cursed +0 plate armour of the Gravedigger
                  | {Regen+ Dex+2}
 40865 | Vaults:4 | Identified the ring "Sypsaxt" {rElec rF+ rC+ Str+3}
 40945 | Vaults:4 | Found a roughly hewn altar of Beogh.
 41038 | Vaults:4 | Killed Isedumueph's ghost
 41486 | Elf:1    | Entered Level 1 of the Elven Halls
 42145 | Elf:1    | Found Udghass's Gadget Boutique.
 42539 | Elf:2    | Found Ladgh's Armour Shoppe.
 42769 | Elf:2    | Found a runed translucent gate.
 42769 | Elf:2    | Found a runed translucent gate.
 42769 | Elf:2    | Found a runed translucent gate.
 43016 | Elf:2    | Noticed Saint Roka
 43118 | Elf:2    | Reached skill level 21 in Maces & Flails
 43645 | Elf:3    | Entered Level 3 of the Elven Halls
 43714 | Elf:3    | Found Jacobaja's Gadget Shoppe.
 43715 | Elf:3    | Found Soq Qume's Jewellery Shop.
 43716 | Elf:3    | Found Taefyaf's Gadget Shoppe.
 43730 | Elf:3    | Bought an uncursed amulet of rage for 680 gold pieces
 43926 | Elf:3    | Found Bitat's Assorted Antiques.
 43942 | Elf:3    | Bought 2 potions of might for 304 gold pieces
 44065 | Elf:3    | Found a transporter.
 44068 | Elf:3    | Found a transporter.
 44070 | Elf:3    | Identified the +6 longbow "Sareirgh" {freeze, rC+ MP+9}
 44072 | Elf:3    | Identified the +6 rapier "Ludyck" {freeze, rF+}
 44073 | Elf:3    | Found a bloodstained altar of Trog.
 44073 | Elf:3    | Noticed Shadow153's ghost (adept MiFi)
 44073 | Elf:3    | Identified the +7 rapier of Disharmony {antimagic, rF+}
 44341 | Elf:3    | Found the cursed +27 Lear's hauberk
 44490 | Elf:3    | Reached XP level 23. HP: 156/156 MP: 26/26
 44517 | Elf:3    | Identified the +6 quarterstaff "Kothegh" {flame, +Rage
                  | rElec Int-3 Stlth+}
 44561 | Elf:3    | Identified the +7 morningstar of the Spectre {elec, rF-
                  | Str+7 SInv}
 44561 | Elf:3    | Identified the amulet "Kokhofaiti" {Faith rF+}
 44618 | Elf:3    | Reached skill level 15 in Dodging
 44705 | Elf:3    | Gained mutation: You are dopey. (Int -2) [a cacodemon]
 44807 | Elf:3    | Identified the Grimoire of Boosting Attacks
 44826 | Elf:3    | Identified Aclome's Catalogue of Ghastly Ice
 45081 | Elf:3    | Killed Shadow153's ghost
 45302 | Orc:1    | Bought a glowing peridot ring for 125 gold pieces
 45496 | D:12     | Bought a scroll of acquirement for 572 gold pieces
 45500 | D:12     | Got the cursed pair of gloves "Ninuunue" {rElec Int-2
                  | Slay+5 Stlth+}
 45506 | D:12     | Identified the cursed +3 pair of gloves "Ninuunue" {rElec
                  | Int-2 Slay+5 Stlth+} (You acquired it on level 12 of the
                  | Dungeon)
 45650 | Lair:1   | Lost mutation: You are resistant to hostile enchantments.
                  | (MR+) [potion of mutation]
 45650 | Lair:1   | Lost mutation: You are dopey. (Int -2) [potion of mutation]
 45650 | Lair:1   | Lost mutation: Your spells are harder to cast, but more
                  | powerful. [potion of mutation]
 45650 | Lair:1   | Lost mutation: Potions are less effective at restoring your
                  | health. [potion of mutation]
 45650 | Lair:1   | Gained mutation: Your flesh is heat resistant. (rF+)
                  | [potion of mutation]
 45650 | Lair:1   | Gained mutation: You expend magic power (3 MP) to
                  | strengthen your wands. [potion of mutation]
 45878 | Vaults:5 | Entered Level 5 of the Vaults
 45882 | Vaults:5 | Noticed a golden dragon
 45982 | Vaults:5 | Killed a golden dragon
 46151 | Vaults:5 | Noticed a golden dragon
 46173 | Vaults:5 | Identified the cursed +3 long sword "Kutrua" {flame, rC++}
 46199 | Vaults:5 | HP: 11/237 [white very ugly thing (16)]
 46199 | Vaults:5 | Killed from afar by a deep elf high priest

Levels and vault maps discovered:
D:1:      minmay_arrival_glassed_features, layout_basic, kennysheep_boxes
D:2:      layout_basic, first_ration
D:3:      layout_rooms, old_standard_altar, nicolae_ru_great_annihilating_truth,
          uniq_jessica, uniq_ijyb
D:4:      layout_rooms
D:5:      layout_basic, minmay_temple_entry_stoned_glass, grunt_qazlal_sundering
D:6:      layout_cave_pools, uniq_crazy_yiuf_cottage
D:7:      layout_gridville, nicolae_gozag_cash_rules_everything_around_me,
          lightli_corner_chamber
D:8:      minmay_polygon_palace, layout_basic,
          gammafunk_temple_overflow_forgotten,
          lemuel_zombie_altar_kikubaaqudgha, uniq_grum
D:9:      layout_grid_maze, kennysheep_little_box, david_orc_3, serial_shops,
          nicolae_shop_window_shopping, shop, shop_statue, shop, basic_altar,
          uniq_erolcha, uniq_prince_ribbit1
D:10:     layout_rooms, lair_entry_dummy, enter_trove_0,
          hangedman_little_slice_of_home
D:11:     layout_small_grid, special_room [special_room_orc],
          ebering_ghost_reflecting_pool, minmay_misc_feat_secret_circle
D:12:     minmay_wizard_corner, layout_loops_ring, serial_shops, shop,
          nicolae_shop_trees, kennysheep_mini_moat, basic_altar,
          serial_bayou_lake_a
D:13:     layout_basic, portal_ice_cave_entry_pillars_1
D:14:     layout_basic, david_vaults_5, minmay_crystal_room, solitary_fountain,
          hangedman_abyss_or_decor_stagger, uniq_rupert
D:15:     grunt_enter_depths_magical_seal, layout_grid_maze, serial_shops,
          shop_fountains, hangedman_decor_clover_reticule
Temple:   regret_index_temple_waves
Lair:1:   layout_big_grid, uniq_joseph, uniq_erica
Lair:2:   layout_regular_city, elwin_shoals_entry_rooms,
          chequers_serial_rivers_micro_e, grunt_megastairs_3
Lair:3:   layout_misc_corridors, spider_nest_entry_a, beast_lair_carwin_2,
          uniq_snorg
Lair:4:   layout_cave_pods, serial_bayou_shore_a
Lair:5:   layout_layer_cave
Lair:6:   minmay_lair_end_frog_pond, layout_hall_layers,
          minmay_slime_entry_oklob_open, lemuel_fruit_tree, uniq_kirke
Shoals:1: cheibrodos_shoals_three_sisters, layout_shoals
Shoals:2: layout_shoals
Shoals:3: layout_shoals, regret_index_shoals_crete, uniq_jorgrun
Shoals:4: shoals_end_simple, layout_shoals
Spider:1: layout_spider_delve, guppyfry_spider_mini_3
Spider:2: layout_spider_delve, worms_lemuel
Spider:3: layout_spider_delve
Spider:4: grunt_spider_rune_circles, nicolae_crawler_farm
Orc:1:    layout_caves, basic_altar, ebering_ghost_gozag, uniq_gastronok,
          uniq_fannar
Orc:2:    grunt_orc_cross, layout_diamond_mine, uniq_urug
Elf:1:    elf_arrival_001, layout_loops_ring, serial_shops, shop_statue,
          hangedman_elf_represent, kilobyte_mutagenic_chamber
Elf:2:    layout_geoelf_grid, serial_shops, shop, uniq_saint_roka
Elf:3:    elf_hall, layout_rooms, gammafunk_ghost_wrathful_warriors,
          serial_shops, nicolae_shop_statue_plus, minmay_shop_grove
Vaults:1: vaults_room_large_hall, v_misc_14, vaults_dpeg_cross,
          ontoclasm_vaults_pinch, hangedman_vaults_nodes, st_cells,
          vaults_mumra_hex, dpeg_vaults_monster_row, ontoclasm_vaults_eye,
          nicolae_vaults_big_angled_halls, vaults_room_pool,
          nicolae_vaults_specimen_jars, grunt_vaults_funnel,
          layout_vaults_maze_snakey, serial_shops, shop
Vaults:2: v_misc_2, minmay_crypt_entry_simple_plaza, vaults_mumra_chevron,
          nicolae_vaults_network_s, st_lattice, nicolae_vaults_rhombus_5,
          nicolae_vaults_border_crossing, layout_vaults_omnigrid
Vaults:3: nicolae_vaults_little_squares_4, nicolae_vaults_little_squares_4,
          v_misc_29, vaults_room_fours, vaults_room_boxed,
          vaults_mumra_minichess, v_misc_3, nicolae_vaults_little_squares_3,
          nicolae_vaults_windows_and_doors_thing, ontoclasm_vaults_twist,
          st_cross, vaults_dpeg_hooks, vaults_room_semicircle,
          layout_vaults_omnibox
Vaults:4: biasface_vaults_ghost_orc_armoury, v_misc_18, v_misc_16,
          hangedman_vaults_pinch, vaults_dpeg_ring, ontoclasm_vaults_ring_small,
          dpeg_vaults_monster_box, vaults_room_corners,
          layout_vaults_chaotic_city, serial_shops, shop_statue
Vaults:5: serial_shops

Skill      XL: |  1  2  3  4  5  6  7  8  9 10 11 12 13 14 15 16 17 18 19 20 21 22 23 |
---------------+----------------------------------------------------------------------+-----
Armour         | 1 2 3 4 5 6 8 9 10 11 12 13 14 15 16 17 18 19 20 | 20.3
Maces & Flails | 4 5 6 7 9 11 12 13 15 16 17 18 19 20 21 | 21.6
Fighting       | 3 4 5 7 8 10 11 12 13 14 15 16 17 18 19 20 | 20.4
Shields        | 1 2 3 4 5 6 8 10 11 12 | 12.3
Dodging        | 3 4 6 7 8 9 10 11 12 13 14 15 | 15.5
Evocations     | 2 5 |  5.0
Throwing       | |  1.7

Action                   |  1- 3 |  4- 6 |  7- 9 | 10-12 | 13-15 | 16-18 | 19-21 | 22-24 || total
-------------------------+-------+-------+-------+-------+-------+-------+-------+-------++-------
Melee: Flail             |   121 |       |    32 |   644 |       |       |       |       ||   797
       Mace              |    20 |   182 |   490 |       |       |       |       |       ||   692
       Whip              |       |       |       |   236 |  1623 |  2267 |  2527 |  1149 ||  7802
       Headbutt          |       |       |       |       |       |    95 |       |       ||    95
       Morningstar       |       |       |       |       |       |       |       |   277 ||   277
Throw: Throwing net      |       |       |       |     5 |     1 |     1 |       |       ||     7
Invok: Curse Item        |       |       |       |       |     2 |       |     3 |       ||     5
 Abil: Fly               |       |       |       |       |     1 |       |       |       ||     1
       Evoke Berserk Rag |       |       |       |       |       |       |       |     1 ||     1
Evoke: Wand              |       |       |       |     1 |     1 |    27 |       |     2 ||    31
  Use: Potion            |       |     5 |       |     3 |     2 |     2 |     5 |    15 ||    32
       Scroll            |       |       |       |    10 |     5 |     6 |    11 |    12 ||    44
 Stab: Distracted        |     1 |       |       |       |       |       |       |       ||     1
       Sleeping          |     1 |       |       |       |       |       |       |       ||     1
       Paralysed         |       |     1 |       |       |       |       |       |       ||     1
       Held in net/web   |       |       |       |    11 |     4 |     1 |       |       ||    16
       Petrified         |       |       |       |       |     6 |       |       |       ||     6
       Invisible         |       |       |       |       |     2 |       |       |       ||     2
       Petrifying        |       |       |       |       |     1 |       |       |       ||     1
  Eat: Chunk             |     1 |     5 |     9 |    19 |    25 |    29 |    25 |    21 ||   134
       Ration            |       |       |     2 |       |     1 |     3 |     1 |       ||     7
Armor: Leather armour    |    86 |       |       |       |       |       |       |       ||    86
       Scale mail        |     4 |    83 |   308 |       |       |       |       |       ||   395
       Skin              |       |    34 |       |       |       |       |       |       ||    34
       Plate armour      |       |       |     8 |   392 |   545 |   932 |  1137 |   522 ||  3536
Dodge: Dodged            |   141 |    82 |   257 |   157 |   361 |   823 |   996 |   512 ||  3329
Block: Buckler           |     1 |    29 |   203 |   202 |   425 |   383 |       |       ||  1243
       Reflection        |       |       |     2 |    12 |    19 |    42 |    55 |    56 ||   186
       Shield            |       |       |       |       |       |   845 |  1965 |   956 ||  3766

Table legend:
 A = Non-vault XP
 B = Vault XP
 C = Vault XP percentage of total XP
 D = Non-vault monster count
 E = Vault monster count
 F = Vault count percentage of total count
                 A         B        C        D         E       F
            +---------+---------+-------+---------+---------+-------
      Total |  442078 |  378633 |  46.1 |    1260 |     627 |  33.2
            +---------+---------+-------+---------+---------+-------
        D:1 |      65 |       0 |   0.0 |      35 |       0 |   0.0
        D:2 |      69 |       0 |   0.0 |      20 |       0 |   0.0
        D:3 |     144 |     132 |  47.8 |      30 |       6 |  16.7
        D:4 |     232 |       0 |   0.0 |       8 |       0 |   0.0
        D:5 |     383 |       0 |   0.0 |       9 |       0 |   0.0
        D:6 |     751 |      41 |   5.2 |      13 |       1 |   7.1
        D:7 |     396 |       0 |   0.0 |       5 |       0 |   0.0
        D:8 |     733 |    1505 |  67.2 |      26 |      18 |  40.9
        D:9 |    2513 |    1517 |  37.6 |      34 |       6 |  15.0
       D:10 |     639 |     160 |  20.0 |      22 |       8 |  26.7
       D:11 |    4446 |    2634 |  37.2 |      36 |      21 |  36.8
       D:12 |    4542 |    5998 |  56.9 |      29 |       9 |  23.7
       D:13 |    9767 |       0 |   0.0 |      45 |       0 |   0.0
       D:14 |   11779 |    4134 |  26.0 |      29 |       2 |   6.5
       D:15 |   19522 |    5911 |  23.2 |      40 |      10 |  20.0
     Lair:1 |    5606 |    1410 |  20.1 |      27 |       2 |   6.9
     Lair:2 |    5544 |     293 |   5.0 |      22 |       1 |   4.3
     Lair:3 |    4930 |    2339 |  32.2 |      20 |       8 |  28.6
     Lair:4 |    6783 |       0 |   0.0 |      22 |       0 |   0.0
     Lair:5 |    7750 |       0 |   0.0 |      26 |       0 |   0.0
     Lair:6 |    2013 |   18849 |  90.4 |       8 |      61 |  88.4
   Shoals:1 |   19325 |    8557 |  30.7 |      44 |      11 |  20.0
   Shoals:2 |   14833 |       0 |   0.0 |      29 |       0 |   0.0
   Shoals:3 |   15293 |   10757 |  41.3 |      28 |      15 |  34.9
   Shoals:4 |   16831 |   16314 |  49.2 |      33 |      28 |  45.9
   Spider:1 |    7718 |    1945 |  20.1 |      23 |       7 |  23.3
   Spider:2 |   22357 |    2830 |  11.2 |      74 |       8 |   9.8
   Spider:3 |   12239 |       0 |   0.0 |      32 |       0 |   0.0
   Spider:4 |   14271 |   26413 |  64.9 |      36 |      44 |  55.0
      Orc:1 |    5128 |    7574 |  59.6 |      58 |       9 |  13.4
      Orc:2 |    4180 |    8089 |  65.9 |      30 |      35 |  53.8
      Elf:1 |    8946 |    7700 |  46.3 |      14 |      11 |  44.0
      Elf:2 |   17868 |   24069 |  57.4 |      31 |      38 |  55.1
      Elf:3 |   14711 |   47456 |  76.3 |      30 |      30 |  50.0
   Vaults:1 |   31397 |   23516 |  42.8 |      48 |      33 |  40.7
   Vaults:2 |   54053 |   33931 |  38.6 |      84 |      41 |  32.8
   Vaults:3 |   55094 |   18608 |  25.2 |      88 |      32 |  26.7
   Vaults:4 |   18477 |   19999 |  52.0 |      31 |      32 |  50.8
   Vaults:5 |   10195 |   61805 |  85.8 |      11 |      46 |  80.7
    Abyss:3 |   10555 |       0 |   0.0 |      30 |       0 |   0.0
      IceCv |       0 |   14147 | 100.0 |       0 |      54 | 100.0
            +---------+---------+-------+---------+---------+-------
